 Dungeon Crawl Stone Soup version 0.28.0-43-g3370ac3207 (webtiles) character file.

Game seed: 8490462238765432406

378 Ablot the Grasshopper (level 6, -2/51 HPs)
             Began as a Gnoll Warper on Mar 19, 2022.
             Slain by a scorpion (4 damage)
             ... on level 4 of the Dungeon.
             The game lasted 00:05:08 (4630 turns).

Ablot the Grasshopper (Gnoll Warper)                Turns: 4630, Time: 00:05:08

Health: -2/51      AC:  3    Str: 12    XL:     6   Next: 74%
Magic:  14/14      EV: 13    Int: 12    God:
Gold:   135        SH:  0    Dex: 12    Spells: 13/15 levels left

rFire   + . .      SeeInvis .   a - +5 spear of Axameass {vorpal, rF+}
rCold   . . .      Faith    .   (no shield)
rNeg    . . .      Spirit   .   b - +0 leather armour
rPois   .          Reflect  .   (no helmet)
rElec   .          Harm     .   (no cloak)
rCorr   .          Rampage  .   (no gloves)
Will    .....                   (no boots)
Stlth   ++........              (no amulet)
HPRegen 0.17/turn               (no ring)
MPRegen 0.14/turn               (no ring)

@: brilliant, lethally poisoned (-2 -> -22)
A: fangs 1, strong nose, distributed training
a: no special abilities


You were on level 4 of the Dungeon.
You visited 1 branch of the dungeon, and saw 4 of its levels.

You collected 135 gold pieces.

Inventory:

Hand Weapons
 a - the +5 spear of Axameass (weapon) {vorpal, rF+}
   (You found it on level 4 of the Dungeon)

   It inflicts extra damage upon your enemies.
   rF:        It protects you from fire.
 k - a +0 hand crossbow
Missiles
 d - 7 boomerangs of dispersal
 f - 39 stones
 j - 20 sling bullets
 l - 20 bolts
 p - 5 poisoned darts (quivered)
 x - 43 arrows
Armour
 b - a +0 leather armour (worn)
 w - a +0 buckler
Scrolls
 c - a scroll of blinking
 i - 4 scrolls of identify {unknown}
 m - a scroll of acquirement {unknown}
 r - a scroll of fear {unknown}
 u - a scroll of enchant armour {unknown}
Potions
 e - a potion of brilliance
 g - 2 potions of curing {unknown}
 h - 2 potions of haste {unknown}
 n - a potion of flight {unknown}
 o - a potion of cancellation {unknown}
 q - a potion of degeneration {unknown}
 s - a potion of berserk rage {unknown}
 t - a potion of resistance {unknown}
 v - a potion of ambrosia {unknown}


   Skills:
 + Level 5.0 Fighting
 + Level 2.1 Short Blades
 + Level 2.1 Long Blades
 + Level 2.1 Axes
 + Level 2.1 Maces & Flails
 + Level 5.0 Polearms
 + Level 2.1 Staves
 + Level 2.1 Slings
 + Level 2.1 Bows
 + Level 2.1 Crossbows
 + Level 3.3 Throwing
 + Level 3.3 Armour
 + Level 5.0 Dodging
 + Level 2.1 Stealth
 + Level 2.1 Shields
 + Level 2.1 Unarmed Combat
 + Level 5.4 Spellcasting
 + Level 1.6 Conjurations
 + Level 1.6 Hexes
 + Level 1.6 Summonings
 + Level 1.6 Necromancy
 + Level 5.7 Translocations
 + Level 1.6 Transmutations
 + Level 1.6 Fire Magic
 + Level 1.6 Ice Magic
 + Level 1.6 Air Magic
 + Level 1.6 Earth Magic
 + Level 1.6 Poison Magic
 + Level 2.3 Invocations
 + Level 2.1 Evocations


You had 13 spell levels left.
You knew the following spells:

 Your Spells              Type           Power      Damage    Failure   Level
a - Blink                 Tloc           50%        N/A       3%          2

Your spell library contained the following spells:

 Spells                   Type           Power      Damage    Failure   Level
 Apportation              Tloc           50%        N/A       2%          1
 Gell's Gravitas          Tloc           25%        N/A       7%          3
 Lesser Beckoning         Tloc           25%        N/A       7%          3
 Teleport Other           Tloc           25%        N/A       7%          3
 Animate Skeleton         Necr           20%        N/A       12%         1
 Summon Small Mammal      Summ           40%        N/A       12%         1
 Manifold Assault         Tloc           25%        N/A       54%         5


Dungeon Overview and Level Annotations

Branches:
Dungeon (4/15)
 Temple: D:4-7

Altars:
Zin

Shops:
D:1 (


Innate Abilities, Weirdness & Mutations

You have very sharp teeth.
Your uncanny sense of smell can sniff out nearby items.
Your experience applies equally to all skills.


Message History

You feel sick. The scorpion stings you.
You hit the scorpion but do no damage.
The scorpion is heavily wounded.
You feel sick. The scorpion barely misses you.
You hit the scorpion.
The scorpion is almost dead.
You feel sick. The scorpion closely misses you.
You hit the scorpion but do no damage.
The scorpion is almost dead.
You feel sick. The scorpion stings you.
You are more poisoned.
The scorpion poisons you!
You barely miss the scorpion.
The scorpion is almost dead.
You feel very sick. The scorpion stings you!
You are lethally poisoned!
The scorpion poisons you!
You are too injured to fight recklessly!
You are too injured to fight recklessly!
You are too injured to fight recklessly!
You closely miss the scorpion.
The scorpion is almost dead.
* * * LOW HITPOINT WARNING * * *
You feel very sick. The scorpion barely misses you.
You hit the scorpion but do no damage. Your bite misses the scorpion.
The scorpion is almost dead.
* * * LOW HITPOINT WARNING * * *
You feel very sick. The scorpion stings you.
* * * LOW HITPOINT WARNING * * *
You are more poisoned.
The scorpion poisons you!
It was a potion of brilliance.
You feel clever all of a sudden.
* * * LOW HITPOINT WARNING * * *
You feel very sick. The scorpion stings you.
You die...

## ######### #.# ..# #.......#
#.# ..# #.#####.# #.# ..# #.# #.#
#.# # #.# #.###.# #.#####..##.###
#.##.......#..# #.##.###.#....#
#@##.# #.#....##
......s.##.###.......###
###################.##...........
.........# #.##........###
##.#####.# #.##..#....## #.# #.#
#.##..#....#
#.#####)##########.##..##.#.####
#.............)....##..##.#<....
#######.#############..##.######


You could see a scorpion.

Vanquished Creatures
  An ogre (D:4)
  A water moccasin skeleton (D:2)
  2 iguanas
  Natasha (thrice) (D:3)
  8 adders
  A worm (D:2)
  3 orcs
  4 endoplasms
  2 giant cockroaches
  2 goblins (D:3)
  4 hobgoblins
  5 kobolds
  3 quokkas
  4 ball pythons
  8 bats
  3 frilled lizards
  3 rats
57 creatures vanquished.

Vanquished Creatures (others)
  A fungus (D:1)
  A plant (D:1)
2 creatures vanquished.

Grand Total: 59 creatures vanquished

Notes
Turn   | Place    | Note
-------+----------+-------------------------------------------
     0 | D:1      | Ablot the Gnoll Warper began the quest for the Orb.
     0 | D:1      | Reached XP level 1. HP: 20/20 MP: 6/6
   273 | D:1      | Reached XP level 2. HP: 26/26 MP: 7/7
   276 | D:1      | Learned a level 2 spell: Blink
   455 | D:1      | Found Ostratiq's Weapon Shoppe.
   717 | D:1      | Found a faded altar of an unknown god.
  1242 | D:2      | Reached skill level 1 in Short Blades
  1242 | D:2      | Reached skill level 1 in Long Blades
  1242 | D:2      | Reached skill level 1 in Axes
  1242 | D:2      | Reached skill level 1 in Maces & Flails
  1242 | D:2      | Reached skill level 1 in Staves
  1242 | D:2      | Reached skill level 1 in Slings
  1242 | D:2      | Reached skill level 1 in Bows
  1242 | D:2      | Reached skill level 1 in Crossbows
  1242 | D:2      | Reached skill level 1 in Stealth
  1242 | D:2      | Reached skill level 1 in Shields
  1242 | D:2      | Reached skill level 1 in Unarmed Combat
  1242 | D:2      | Reached skill level 5 in Spellcasting
  1242 | D:2      | Reached skill level 1 in Invocations
  1242 | D:2      | Reached skill level 1 in Evocations
  1242 | D:2      | Reached XP level 3. HP: 5/31 MP: 7/9
  1242 | D:2      | Reached XP level 4. HP: 6/38 MP: 8/11
  1783 | D:2      | Reached skill level 1 in Conjurations
  1783 | D:2      | Reached skill level 1 in Hexes
  1783 | D:2      | Reached skill level 1 in Summonings
  1783 | D:2      | Reached skill level 1 in Necromancy
  1783 | D:2      | Reached skill level 1 in Transmutations
  1783 | D:2      | Reached skill level 1 in Fire Magic
  1783 | D:2      | Reached skill level 1 in Ice Magic
  1783 | D:2      | Reached skill level 1 in Air Magic
  1783 | D:2      | Reached skill level 1 in Earth Magic
  1783 | D:2      | Reached skill level 1 in Poison Magic
  2060 | D:2      | Reached XP level 5. HP: 37/43 MP: 12/12
  2647 | D:3      | Noticed Natasha
  2927 | D:3      | Killed Natasha
  3124 | D:3      | Noticed Natasha
  3145 | D:3      | Killed Natasha
  3427 | D:3      | Found a glowing silver altar of Zin.
  3468 | D:3      | Reached XP level 6. HP: 31/50 MP: 13/13
  3522 | D:3      | Noticed Natasha
  3528 | D:3      | Killed Natasha
  4309 | D:4      | Identified the +5 spear of Axameass {vorpal, rF+}
  4351 | D:4      | Reached skill level 5 in Fighting
  4351 | D:4      | Reached skill level 5 in Polearms
  4351 | D:4      | Reached skill level 5 in Dodging
  4630 | D:4      | HP: 2/51 [poisoned by a scorpion]
  4630 | D:4      | Slain by a scorpion

Illustrated notes

Levels and vault maps discovered:
D:1:      dpeg_arrival_renting, layout_loops_ring,
          shapermc_ecumenical_altar_ellora, serial_shops,
          nicolae_shop_waterfront
D:2:      layout_loops_ring
D:3:      layout_rooms, zin_scriptorium, uniq_natasha
D:4:      layout_loops_ring

Skill      XL: |  1  2  3  4  5  6 |
---------------+-------------------+-----
Short Blades   | 1 2 |  2.1
Long Blades    | 1 2 |  2.1
Axes           | 1 2 |  2.1
Maces & Flails | 1 2 |  2.1
Staves         | 1 2 |  2.1
Slings         | 1 2 |  2.1
Bows           | 1 2 |  2.1
Crossbows      | 1 2 |  2.1
Stealth        | 1 2 |  2.1
Shields        | 1 2 |  2.1
Unarmed Combat | 1 2 |  2.1
Spellcasting   | 5 |  5.4
Invocations    | 1 2 |  2.3
Evocations     | 1 2 |  2.1
Conjurations   | 1 |  1.6
Hexes          | 1 |  1.6
Summonings     | 1 |  1.6
Necromancy     | 1 |  1.6
Transmutations | 1 |  1.6
Fire Magic     | 1 |  1.6
Ice Magic      | 1 |  1.6
Air Magic      | 1 |  1.6
Earth Magic    | 1 |  1.6
Poison Magic   | 1 |  1.6
Throwing       | 3 |  3.3
Armour         | 3 |  3.3
Fighting       | 5 |  5.0
Polearms       | 5 |  5.0
Dodging        | 5 |  5.0
Translocations | |  5.7

Action                   |  1- 3 |  4- 6 || total
-------------------------+-------+-------++-------
Melee: Spear             |    71 |   161 ||   232
       Bite              |     3 |     9 ||    12
       Punch             |       |     3 ||     3
 Fire: Hand crossbow     |       |    34 ||    34
Throw: Dart              |       |    12 ||    12
       Boomerang         |       |     1 ||     1
       Stone             |       |     4 ||     4
  Use: Potion            |       |     1 ||     1
 Stab: Sleeping          |     1 |     3 ||     4
Armor: Leather armour    |    10 |    24 ||    34
Dodge: Dodged            |    23 |    89 ||   112
